 Dungeon Crawl Stone Soup version 0.27-a0-1434-g6f15984924 (webtiles) character file.

Game seed: 8912655582087005167

21 funkygono the Bolt Thrower (level 2, -3/18 HPs)
             Began as a Gargoyle Hunter on July 3, 2021.
             Slain by a hobgoblin (6 damage)
             ... led by Robin
             ... on level 2 of the Dungeon.
             The game lasted 00:01:21 (843 turns).

funkygono the Bolt Thrower (Gargoyle Hunter)         Turns: 843, Time: 00:01:22

Health: -3/18      AC:  5    Str: 15    XL:     2   Next: 83%
Magic:  2/2        EV: 11    Int: 11    God:
Gold:   34         SH:  0    Dex: 10    Spells: 1/1 levels left

rFire    . . .     SeeInvis .   a - +0 mace
rCold    . . .     Faith    .   (no shield)
rNeg     + . .     Spirit   .   c - +0 leather armour
rPois    ∞         Reflect  .   (no helmet)
rElec    +         Harm     .   (no cloak)
rCorr    .         Rampage  .   (no gloves)
Will     .....                  (no boots)
Stlth    +.........             (no amulet)
HPRegen  0.06/turn              (no ring)
MPRegen  0.08/turn              (no ring)

@: no status effects
A: sickness immunity, AC +2, negative energy resistance 1, electricity
resistance, torment resistance 1, petrification resistance
a: no special abilities


You were on level 2 of the Dungeon.
You visited 1 branch of the dungeon, and saw 2 of its levels.

You collected 34 gold pieces.

Inventory:

Hand Weapons
 a - a +0 mace (weapon)
 b - a +1 hand crossbow
 e - a +0 short sword
 f - a +0 whip
Missiles
 d - 15 bolts
Armour
 c - a +0 leather armour (worn)
Scrolls
 g - a scroll of identify
 h - a scroll of enchant armour


   Skills:
 * Level 2.4 Fighting
 + Level 0.2 Maces & Flails
 + Level 4.5 Crossbows
 + Level 1.7 Dodging
 - Level 1.1 Stealth


You had one spell level left.
You didn't know any spells.
Your spell library was empty.

Dungeon Overview and Level Annotations

Branches:
Dungeon (2/15)

Altars:

Annotations:
D:2 Robin


Innate Abilities, Weirdness & Mutations

You are immune to sickness and miasma.
Your stone body is resilient. (AC +2)
You are immune to poison.
You resist negative energy. (rN+)
You are resistant to electric shocks. (rElec)
You are resistant to unholy torment.
You are immune to petrification.


Message History

The goblins go into a battle-frenzy!
The hobgoblin hits you but does no damage.
You hear a shout!
The hobgoblin shouts!
You sock the goblin!
You kill the goblin!
Robin throws the goblin at you!
A hobgoblin comes into view.
The hobgoblin hits you. The goblin closely misses you.
You hit the goblin.
You kill the goblin!
The hobgoblin barely misses you. The hobgoblin closely misses you.
The goblin unwields a +0 club.
The goblin wields a +0 hunting sling.
The goblin shoots a stone.
The stone closely misses you.
Items here: ))) †††.
You completely miss the hobgoblin.
Robin says, "Bow before me, strongest of all the hobgoblins!"
The hobgoblin barely misses you. Robin throws the goblin at you!
You barely miss the hobgoblin.
The goblin unwields a +0 hunting sling.
The goblin wields a +0 club.
The goblin closely misses you. The hobgoblin closely misses you.
Robin flexes a bicep menacingly.
You barely miss the hobgoblin. The goblin hits you with a +0 club.
The hobgoblin hits you but does no damage. x2
The goblin hits you but does no damage.
You barely miss the goblin.
The hobgoblin no longer looks unusually strong.
Robin roars a battlecry!
The hobgoblin goes into a battle-frenzy!
The goblin hits you with a +0 club. The hobgoblin hits you.
* * * LOW HITPOINT WARNING * * *
You hit the goblin.
The goblin is moderately wounded.
The goblin misses you. The hobgoblin closely misses you.
The goblin hits you but does no damage. The hobgoblin hits you.
* * * LOW HITPOINT WARNING * * *
You sock the goblin!
You kill the goblin!
The hobgoblin hits you.
You die...

##### # ##gg@#####.#
##g###)#....# #.##
##..#### #(g.# ##.# .#
#.(.# #.# ##.## #...#
##.# ##...## #.(.#
##..######.....##
#8.8###.#.#............
#.(.#..##.#.####.....##


You could see Robin and 2 hobgoblins.

Vanquished Creatures
  3 ball pythons
  3 bats (D:1)
  An endoplasm (D:2)
  7 goblins
  A hobgoblin (D:2)
  A quokka (D:1)
  A kobold (D:1)
  2 rats
19 creatures vanquished.

Notes
Turn   | Place    | Note
-------+----------+-------------------------------------------
     0 | D:1      | funkygono the Gargoyle Hunter began the quest for the Orb.
     0 | D:1      | Reached XP level 1. HP: 12/12 MP: 1/1
   334 | D:1      | Reached XP level 2. HP: 17/17 MP: 2/2
   713 | D:1      | Found a faded altar of an unknown god.
   826 | D:2      | Noticed Robin
   843 | D:2      | Slain by a hobgoblin

Illustrated notes

Levels and vault maps discovered:
D:1:      dpeg_arrival_rooms_b, layout_basic,
          dilly_ecumenical_altar_fadedgnrine, roderic_lattice_a
D:2:      layout_loops_ring, corexii_item_surrounded_by_moat, chequers_avenue,
          minmay_pentomino_o2, uniq_robin, uniq_natasha

Action                   || total
-------------------------++-------
Melee: Mace              ||    18
       Whip              ||     6
 Fire: Hand crossbow     ||    18
  Use: Scroll            ||     2
Armor: Leather armour    ||    20
Dodge: Dodged            ||    25

Table legend: (Time is in decaauts)
 A = Elapsed time spent in this place.
 B = Non-inter-level travel time spent in this place.
 C = Inter-level travel time spent in this place.
 D = Time resting spent in this place.
 E = Time spent auto-exploring this place.
 F = Levels seen in this place.
 G = Mean time per level.
                   A        B        C        D        E       F      G
               +--------+--------+--------+--------+--------+-----+--------+
         Total |    850 |    828 |     22 |      0 |    727 |   2 |  425.0 |
       Dungeon |    850 |    828 |     22 |      0 |    727 |   2 |  425.0 |
               +--------+--------+--------+--------+--------+-----+--------+

Top non-repeatable levels by time:
     D:1: 775 daAuts
     D:2: 75 daAuts
